Cogmind - Beta 11 @@@ ROGUE MODE // 2022.04.07 @ 16:09:31 Player: Virvatuli Result: Destroyed by Y-45 Defender with Beam Rifle Performance ------------- Evolutions (1) 500 Regions Visited (2) 400 Robots Destroyed (10) 50 Value Destroyed (248) 248 Prototype IDs (0) 0 Alien Tech Used (0) 0 Bonus (0) 0 TOTAL SCORE: 1198 Bonus ------- None Cogmind --------- Core Integrity 0/400 Matter 296/300 Energy 26/100 System Corruption 2% Temperature Cool (9) Movement Core (50) Location -9/Materials Parts ------- > --- POWER (1) -------- (None) > --- PROPULSION (3) --- (None) > --- UTILITY (3) ------ (None) > --- WEAPON (2) ------- Maul > --- INVENTORY (5) ---- Mining Laser Peak State ------------ > --- POWER ------------ Ion Engine > --- PROPULSION ------- Aluminum Leg Aluminum Leg > --- UTILITY ---------- Heat Sink Weight Redist. System High-powered Tractor Beam > --- WEAPON ----------- EM Shotgun EM Shotgun > --- INVENTORY -------- Mining Laser Maul [Rating: 12] Favorites ----------- Power Ion Engine Engine Ion Engine Propulsion Aluminum Leg Leg Aluminum Leg Hover Unit Hover Unit Utility Heat Sink Device Heat Sink Storage Small Storage Unit Weapon EM Pulse Gun Energy Gun EM Pulse Gun Ballistic Gun Assault Rifle Ballistic Cannon Light Cannon Impact Weapon Maul Special Melee Weapon Datajack Build | -11 -10 -9 ------- Run | Scr Mat Mat Slots Evolved 2 | . . 2 Power . | . . . Propulsion 1 | . . 1 Utility 1 | . . 1 Weapon . | . . . Parts Attached 23 | 6 15 2 Power 3 | 1 2 . Engine 3 | 1 2 . Core . | . . . Reactor . | . . . Propulsion 7 | 2 5 . Treads . | . . . Leg 5 | 2 3 . Wheel . | . . . Hover 2 | . 2 . Flight . | . . . Utility 5 | 1 3 1 Device 4 | . 3 1 Storage 1 | 1 . . Processor . | . . . Hackware . | . . . Protection . | . . . Artifact . | . . . Weapon 8 | 2 5 1 Energy Gun 4 | 1 3 . Energy Cannon . | . . . Ballistic Gun 1 | 1 . . Ballistic Cannon 1 | . 1 . Launcher . | . . . Special Weapon . | . . . Impact Weapon 1 | . . 1 Slashing Weapon . | . . . Piercing Weapon . | . . . Special Melee Weapon 1 | . 1 . Unidentified Prototypes . | . . . Parts Lost 10 | . 2 8 Power 1 | . . 1 Propulsion 3 | . 1 2 Utility 3 | . . 3 Weapon 3 | . 1 2 Highest Loss Streak 8 | . 2 8 To Critical Strikes . | . . . Average Slot Usage (%) 82 | . 85 69 Engine 12 | . 14 7 Leg 13 | . 12 18 Hover 11 | . 14 . Device 12 | . 8 27 Storage 6 | . 8 . Energy Gun 16 | . 16 14 Ballistic Cannon 1 | . 1 . Special Melee Weapon 5 | . 7 . Naked Turns 3 | . . 3 Heaviest Build 14 | 14 14 13 Greatest Support 26 | 20 26 26 Greatest Overweight (x) 2 | . 2 . Average Overweight (x) . | . . . Largest Inventory Capacity 8 | 8 8 5 Average Capacity 6 | 6 6 5 Most Carried 5 | 2 5 3 Average Carried 1 | 1 1 1 Final Capacity 8 | 8 5 5 Final Carried 2 | 2 2 1 Class Distribution -------------------- 57% | Mutant 42% | Scavenger-Mutant Dominant Class ---------------- Mutant | -10/Materials Scavenger-Mutant | -9/Materials Resources | -11 -10 -9 ----------- Run | Scr Mat Mat Matter Collected 436 | 209 157 70 Remotely 64 | . . 64 Salvage Created 267 | . 173 94 Parts 33 | . 17 16 Haulers Intercepted . | . . . Recyclers Shooed . | . . . Parts Field Recycled . | . . . Retrieved Matter . | . . . Parts Self-Destructed . | . . . Prevented . | . . . Kills | -11 -10 -9 ------- Run | Scr Mat Mat Combat Hostiles Destroyed 8 | . 4 4 Guns 7 | . 3 4 AOE 1 | . 1 . Classes Destroyed 4 | . 2 2 Operator 1 | . 1 . Watcher 1 | . . 1 Swarmer 4 | . . 4 Grunt 4 | . 4 . Best Kill Streak 5 | . 3 5 Combat Bots Only 4 | . 3 4 Max Kills in Single Turn 1 | . 1 1 Gunslinging . | . . . Exploded 1 | . 1 . Melee . | . . . Uniques/NPCs Destroyed . | . . . Combat | -11 -10 -9 -------- Run | Scr Mat Mat Damage Taken 949 | . 76 873 Core 412 | . 12 400 Absorbed by Shields . | . . . Core Remaining (%) 97 | 100 95 . Volleys Fired 25 | . 16 9 Largest 2 | . 2 2 Hottest 90 | . 60 90 Shots Fired 36 | . 18 18 Gun 35 | . 17 18 Cannon 1 | . 1 . Launcher . | . . . Special . | . . . Kinetic 3 | . 3 . Thermal . | . . . Explosive . | . . . Electromagnetic 33 | . 15 18 Robot Hit Streak 9 | . 5 9 Robot Miss Streak 3 | . 2 3 Penetration Max . | . . . Secondary Targets . | . . . Shots Hit Robots 31 | . 16 15 Core Hits 19 | . 8 11 Critical Kills . | . . . Critical Parts Destroyed . | . . . Critical Strikes . | . . . Melee Attacks 6 | . 4 2 Impact 2 | . . 2 Slashing . | . . . Piercing . | . . . Sneak Attacks 4 | . 4 . Combat Hostiles . | . . . Follow-up Attacks . | . . . Damage Inflicted 487 | . 218 269 Guns 280 | . 143 137 Cannons . | . . . Explosions 75 | . 75 . Melee 96 | . . 96 Ramming 36 | . . 36 Kinetic . | . . . Thermal 75 | . 75 . Explosive . | . . . Electromagnetic 280 | . 143 137 Impact 96 | . . 96 Slashing . | . . . Piercing . | . . . Highest Corruption 2 | . . 2 Average Corruption 2 | . . 2 Corruption Purged . | . . . Corruption Blocked . | . . . Overload Shots . | . . . Overflow Damage . | . . . Projectiles . | . . . Explosions . | . . . Melee . | . . . Knockbacks 1 | . . 1 Impact 1 | . . 1 Kinetic . | . . . Secondary . | . . . Self-Inflicted Damage 11 | . . 11 Shots . | . . . Rammed 9 | . . 9 Targets Rammed 21 | . . 21 Kicked 12 | . . 12 Crushed . | . . . Highest Temperature 49 | . 49 9 Average Temperature 20 | . 22 5 Received Heat Transfer 450 | . 42 408 Siege Activations . | . . . Robots Corrupted . | . . . Combat Hostiles . | . . . Parts Fried 1 | . . 1 Impact Corruptions . | . . . Robots Melted . | . . . Combat Hostiles . | . . . Parts Melted . | . . . Heat Transferred 100 | . 100 . Parts Sabotaged . | . . . Parts Stolen . | . . . Parts Stripped . | . . . Power Chain Reactions 2 | . 2 . Missiles Intercepted . | . . . Alert | -11 -10 -9 ------- Run | Scr Mat Mat Peak Influence 287 | . 287 143 Initial 36 | . . 36 Average 125 | . 153 90 Maximum Alert Level 1 | . 1 . Low Security (%) 74 | 100 63 100 Level 1 25 | . 36 . Level 2 . | . . . Level 3 . | . . . Level 4 . | . . . Level 5 . | . . . High Security . | . . . Max Security . | . . . Squads Dispatched 2 | . 2 . Investigation 1 | . 1 . Extermination . | . . . Reinforcement 1 | . 1 . Assault . | . . . Garrison . | . . . Intercept . | . . . Searches Triggered . | . . . Construction Impeded . | . . . Haulers Reinforced . | . . . Active Scanning Responses . | . . . Cargo Convoy Interrupts . | . . . Stealth | -11 -10 -9 --------- Run | Scr Mat Mat Distress Signals 1 | . . 1 Communications Jammed . | . . . Distress Signals . | . . . Times Spotted 21 | . 11 10 Peak Tracking Total 4 | . 3 4 Tactical Retreats 3 | . 2 1 Traps | -11 -10 -9 ------- Run | Scr Mat Mat Traps Triggered 1 | . 1 . Indirectly . | . . . Trap Hack Attempts . | . . . Triggered . | . . . Disarmed . | . . . Reprogrammed . | . . . Reused . | . . . Traps Extracted . | . . . Installed . | . . . Triggered . | . . . Machines | -11 -10 -9 ---------- Run | Scr Mat Mat Machines Disabled 4 | . 4 . Max in Single Turn 2 | . 2 . Machines Sabotaged . | . . . Garrisons Compromised . | . . . Overloaded Fab Kills . | . . . Hacking | -11 -10 -9 --------- Run | Scr Mat Mat Machines Accessed 2 | . 2 . Terminals 2 | . 2 . Fabricators . | . . . Repair Stations . | . . . Recycling Units . | . . . Scanalyzers . | . . . Garrison Access . | . . . Total Hacks 13 | . 13 . Successful 5 | . 5 . Failed 8 | . 8 . Catastrophic . | . . . Database Lockouts . | . . . Manual 5 | . 5 . Terminals 13 | . 13 . Fabricators . | . . . Repair Stations . | . . . Recycling Units . | . . . Scanalyzers . | . . . Garrison Access . | . . . Terminal Hacks 5 | . 5 . Alert Level 1 | . 1 . Surveillance Status 1 | . 1 . Hauler Manifests 1 | . 1 . Zone Layout 2 | . 2 . Fabricator Hacks . | . . . Repair Station Hacks . | . . . Recycling Unit Hacks . | . . . Scanalyzer . | . . . Garrison Access Hacks . | . . . Unauthorized Hacks . | . . . Terminals . | . . . Fabricators . | . . . Repair Stations . | . . . Recycling Units . | . . . Scanalyzers . | . . . Garrison Access . | . . . Data Cores Recovered . | . . . Used . | . . . Hacking Detections 2 | . 2 . Full Trace Events . | . . . Feedback Events . | . . . Feedback Blocked . | . . . Robot Schematics Acquired . | . . . Robots Built . | . . . Authchips . | . . . Time . | . . . Total Robot Build Rating . | . . . Part Schematics Acquired . | . . . Parts Built . | . . . Authchips . | . . . Time . | . . . Total Part Build Rating . | . . . Parts Repaired . | . . . Time . | . . . Parts Recycled . | . . . Recycled Matter . | . . . Retrieved Matter . | . . . Retrieved Components . | . . . Parts Scanalyzed . | . . . Part Schematics Acquired . | . . . Parts Damaged . | . . . Bothacking | -11 -10 -9 ------------ Run | Scr Mat Mat Used RIF Installer . | . . . Robots Hacked 2 | . 2 . Non-combat 2 | . 2 . Combat . | . . . Robot Hacks Applied 2 | . 2 . parse_system 1 | . 1 . find_recycling 1 | . 1 . Relay Couplers Released . | . . . Fabnet Peak Effective % . | . . . Robots Rewired . | . . . Allies Hacked . | . . . Hacks Repelled . | . . . Allies | -11 -10 -9 -------- Run | Scr Mat Mat Total Allies . | . . . Largest Group . | . . . Highest-Rated Group . | . . . Highest-Rated Ally . | . . . Total Orders . | . . . Ally Attacks . | . . . Total Damage . | . . . Kills . | . . . Allies Corrupted . | . . . Allies Melted . | . . . Intel | -11 -10 -9 ------- Run | Scr Mat Mat Robot Analysis Total . | . . . Derelict Logs Recovered . | . . . Drone Launches . | . . . Drone Recoveries . | . . . Exploration | -11 -10 -9 ------------- Run | Scr Mat Mat Turns Passed 671 | 64 466 141 Spaces Moved 600 | 49 485 66 Core 11 | 7 . 4 Treads . | . . . Legs 241 | 42 137 62 Wheels . | . . . Hover 348 | . 348 . Flight . | . . . Fastest Speed 50 | 50 56 50 Average Speed 82 | 110 75 115 Slowest Speed 180 | 120 180 120 Overloaded Moves . | . . . Propulsion Burnouts . | . . . Robots Hopped . | . . . Cave-ins Triggered . | . . . Exploration Rate (%) 19 | 4 47 6 Regions Visited 2 Branch Regions . Pre-discovered Areas . | . . . Known Exits Taken . | . . . Unknown Exits Taken 2 | 1 1 . Scrap Searched . | . . . Spaces Dug . | . . . Terrain Destroyed . | . . . Melee . | . . . Projectile . | . . . AOE . | . . . Terrain Rammed . | . . . Walls Destroyed . | . . . Machines Disabled . | . . . Actions | -11 -10 -9 --------- Run | Scr Mat Mat Total 726 | 56 564 106 Wait 28 | . 23 5 Move 598 | 48 484 66 Hop . | . . . Pick Up 13 | 2 10 1 Fast Attach 9 | 6 3 . Attach 5 | . 3 2 Detach . | . . . Swap 9 | . 9 . Drop 12 | . 12 . Fire 25 | . 16 9 Melee 6 | . 4 2 Ram 9 | . . 9 Kick 12 | . . 12 Crush . | . . . Escape Stasis . | . . . Rewire . | . . . Trap . | . . . Miscellaneous . | . . . Route ------- -11/Scrapyard -10/Materials (discovered 2 exits: [*Mat] / [*Min]) -9/Materials History --------- Turn | Location | Event 6 | -11/Scrapyard | Discovered new exit (range 14) 65 | -11/Scrapyard | Entered Materials 166 | -10/Materials | Discovered new exit (range 16) 304 | -10/Materials | Build established: Mutant 480 | -10/Materials | Discovered new exit (range 14) 531 | -10/Materials | Entered another Materials area 531 | -9/Materials | Evolved 2 slots: Propulsion x1, Utility x1 655 | -9/Materials | Core integrity fell below 50% 667 | -9/Materials | Core integrity fell below 20% 672 | -9/Materials | Destroyed by Y-45 Defender with Beam Rifle Last Messages --------------- 00647_ R-06 Scavenger collects Flight Unit. 00648_ Kicked G-34 Mercenary. 00651_ G-34 Mercenary destroyed. 00651_ R-06 Scavenger collects Corrupted Flight Unit. 00652_ Critical hit (Burn: +37). 00653_ Kicked G-34 Mercenary out of the way. 00654_ Aluminum Leg destroyed. 00654_ Slammed into G-47 Trooper. 00655_ R-06 Scavenger collects Hover Unit. 00656_ Slammed into G-47 Trooper. 00658_ Destabilizing: System corrupted (+2). 00659_ Slammed into G-34 Mercenary. 00660_ Weight Redist. System destroyed. 00660_ Slammed into G-47 Trooper. 00662_ Heat Sink destroyed. 00662_ Slammed into G-47 Trooper. 00666_ Acquired 3 matter. 00666_ G-47 Trooper knocked back. 00669_ Acquired 3 matter. 00671_ R-06 Scavenger collects Heat Sink. Map ----- +----------------------------------------------------+ | ???????????????????????????????????? | | ???????????????????????????????????? | | ???????????????????????????????????? | | ???????????????????????????????????? | | ???????????????????????????????????? | | ???????????????????????????????????? | | ???????????????????????????????????? | | ??????????????######+############??? | | ??????????????# ?? | | ??????????????# ?? | | ??????????????# ?? | | ?????????????#####+########+###????? | | ?????????????# #???????????? | | ?????????????# """ """ #???????????? | | ?????????????# """ """ #???????????? | | ?????????????# """ """ #???????????? | | ?????????????# """ """ #???????????? | | ?????????????# #???????????? | | ?????????????# #???????????? | | ?????????????# #???????????? | | ??#################/####???????????? | | ??# !=[%%%%### ##?????????????? | | ??# *%%%%# #### #????????? | | ??# ! %Yg%r% #????????? | | ??# !%%%% # +????????? | | ??# g@ !%=# ### ##????????? | | ??# %%%!!%## ##???#?????????? | | ??#######+######## #??????????????? | | ????????# #??????# #??????????????? | | ????????# #??????# #??????????????? | | ????????# #??????# #??????????????? | | ????????# #??????# #??????????????? | | ????????# #??????# #??????????????? | | ????????# #?????? /??????????????? | | ????????# #??????# #??????????????? | | ????????# #??????# #??????????????? | | ????????? ??????? ??????????????? | | ????????? ??????? ??????????????? | | ????????? ??????? ??????????????? | | ????????? ??????? ??????????????? | | ????????? ?????????????????????????? | | ????????? ?????????????????????????? | | ????????? ?????????????????????????? | | ???????????????????????????????????? | | ???????????????????????????????????? | | ???????????????????????????????????? | | ???????????????????????????????????? | | ???????????????????????????????????? | | ???????????????????????????????????? | | ???????????????????????????????????? | +----------------------------------------------------+ Best States ------------- Heat Dissipation 45 Energy Generation 10 Energy Capacity 250 Matter Stores 300 Matter Capacity 300 Sight Range 16 Terrain Scan Density 10 Additional Mass Support 6 Evasion (%) 55 Item Schematics ----------------- None Robot Schematics ------------------ None Fabricated ------------ Nothing Alien Tech Used ----------------- None Achievements -------------- None Challenges ------------ None Game ------ Seed TerrabombArmoredShockpuncher Manual? 0 Play Time 00:13:04 Cumulative 11.7 hours Start 2022.04.07 @ 15:58:12 End 2022.04.07 @ 16:09:31 Sessions 1 Manual Loads 0 Difficulty Rogue Special Mode None Game No. 23 Rogue 23 Adventurer 0 Explorer 0 Win Type - Total 0 Types 0/0/0/0/0/0/0/0/0 Lore% 13 Gallery% 19 Achievement% 17 Wizard Run 0 Options --------- ASCII 0 Keyboard 0 Movement Numpad Keybinds 0 Fullscreen 2 Font 18/SmallcapsGlow Map View 76x50 Tactical HUD 1 Map Filters NONE Filters NONE Steam 1 RUN: adb5224f-84ff-4443-865e-4bf7c3c9ad39